 Dungeon Crawl Stone Soup version 0.24.1-14-gf8d2b509d9 (webtiles) character file.

Game seed: 4570425321419191920, levelgen mode: deterministic

4182 Hugehornet the Cruncher (level 10, 0/50 HPs)
             Began as a Deep Elf Wizard on May 22, 2020.
             Was an Initiate of Gozag.
             Slain by a two-headed ogre
             ... wielding a +0 dire flail
              (15 damage)
             ... on level 10 of the Dungeon.
             The game lasted 00:54:59 (17732 turns).

Hugehornet the Cruncher (Deep Elf Wizard)          Turns: 17732, Time: 00:55:00

Health: 0/50       AC:  9    Str:  6    XL:     10   Next: 8%
Magic:  5/21       EV: 13    Int: 25    God:    Gozag
Gold:   599        SH:  2    Dex: 13    Spells: 1/21 levels left

rFire    . . .     SeeInvis .   y - +4 quarterstaff (chaos)
rCold    . . .     Gourm    .   (shield currently unavailable)
rNeg     . . .     Faith    .   a - +0 robe
rPois    .         Spirit   .   k - +2 hat
rElec    .         Reflect  +   z - +2 cloak
rCorr    .         Harm     .   E - +0 pair of gloves
MR       +....                  l - +0 pair of boots
Stlth    ++........             D - +2 amulet of reflection
HPRegen  0.16/turn              (no ring)
MPRegen  0.17/turn              (no ring)

@: no status effects
A: no striking features
a: Potion Petition, Call Merchant, Bribe Branch, Renounce Religion


You were on level 10 of the Dungeon.
You worshipped Gozag.
Gozag was pleased with you.
You were not hungry.

You visited 1 branch of the dungeon, and saw 10 of its levels.

You collected 1364 gold pieces.
You spent 246 gold pieces at shops.
You paid 519 gold pieces to Gozag.

Inventory:

Hand Weapons
 o - a +4 flail of protection
 r - a +2 short sword of protection
 u - a +2 dagger of draining
 y - a +4 quarterstaff of chaos (weapon)
Armour
 a - a +0 robe (worn)
 b - a +0 hat
 i - a +0 helmet
 k - a +2 hat (worn)
 l - a +0 pair of boots (worn)
 w - the +1 ring mail "Caamoes" {rPois Str+3 Dex+2}
   (You found it on level 6 of the Dungeon)

   It affects your strength (+3).
   It affects your dexterity (+2).
   It protects you from poison.
 z - a +2 cloak (worn)
 E - a +0 pair of gloves (worn)
Magical Staves
 v - an uncursed staff of earth
Jewellery
 D - a +2 amulet of reflection (around neck)
Wands
 s - a wand of acid (14)
Scrolls
 c - 4 scrolls of immolation
 e - 3 scrolls of fear
 f - 7 scrolls of teleportation
 g - a scroll of blinking
 h - 3 scrolls of enchant armour
 j - 2 scrolls of enchant weapon
 q - 3 scrolls of remove curse
 A - a scroll of noise {unknown}
 F - a scroll of fog {unknown}
Potions
 m - a potion of flight
 t - a potion of brilliance
 x - a potion of cancellation {unknown}
 B - a potion of heal wounds
 C - 2 potions of agility
Comestibles
 d - 6 rations


   Skills:
 - Level 10.8 Staves
 - Level 2.4 Dodging
 - Level 2.4 Stealth
 - Level 6.4 Spellcasting
 - Level 4.1 Conjurations
 - Level 2.7 Hexes
 - Level 3.1 Summonings
 * Level 2.0 Translocations
 - Level 3.6 Fire Magic
 - Level 4.4 Air Magic
 - Level 4.0 Poison Magic


You had one spell level left.
You knew the following spells:

 Your Spells              Type           Power        Failure   Level  Hunger
a - Magic Dart            Conj           ####         1%          1    None
b - Blink                 Tloc           N/A          4%          2    None
c - Call Imp              Summ           ###.....     3%          2    None
d - Slow                  Hex            ###.....     3%          2    None
e - Mephitic Cloud        Conj/Pois/Air  ####....     3%          3    None
f - Conjure Flame         Conj/Fire      ####....     4%          3    None
g - Apportation           Tloc           ###...       3%          1    None
h - Gell's Gravitas       Tloc           ###.......   10%         3    None
i - Confuse               Hex            ###.....     7%          3    None

Your spell library contained the following spells:

 Spells                   Type           Power        Failure   Level  Hunger
 Summon Small Mammal      Summ           ###.         1%          1    None
 Confusing Touch          Hex            ###...       2%          1    None
 Animate Skeleton         Necr           N/A          7%          1    None
 Beastly Appendage        Tmut           #.....       7%          1    None
 Petrify                  Tmut/Erth      #.......     56%         4    ###....
 Metabolic Englaciation   Hex/Ice        ###.......   73%         5    #####..
 Yara's Violent Unravell  Hex/Tmut       ###.......   73%         5    #####..


Dungeon Overview and Level Annotations

Branches:
Dungeon (10/15)            Temple (0/1) D:7             Orc (0/2) D:9
   Lair: D:8-11

Altars:
Cheibriados
Gozag
Hepliaklqana
Makhleb
Nemelex Xobeh
Okawaru
Qazlal
Sif Muna
Uskayaw
Xom
Zin
The Shining One

Shops:
D:5 }:([*   D:8 *


Message History

Press: ? - help, Dir - move target cursor The fire ignites!
The two-headed ogre is engulfed in blazing flames.
The two-headed ogre hits you with a +0 dire flail!
The two-headed ogre closely misses you.
Casting: Conjure Flame (safe; 4% risk of failure)
Confirm with . or Enter, or press ? or * to list all spells.
Aiming: Conjure Flame (safe; 4% risk of failure)
Press: ? - help, Dir - move target cursor The fire ignites!
The two-headed ogre seems less confused.
The two-headed ogre is engulfed in blazing flames.
You barely miss the two-headed ogre.
The two-headed ogre is heavily wounded.
The two-headed ogre is engulfed in blazing flames.
The two-headed ogre hits you with a +0 dire flail!!
* * * LOW HITPOINT WARNING * * *
The two-headed ogre hits you with a +0 giant spiked club!
You die...
Your body crumbles into a pile of gold.

...##.# ......!
......# .......#
......# .....?.#
......# ......#
..°...# .....#
○.....#
######..##§....#
#........O§....#
#.......@......#
#..............#...
#..............#...
#..............#...
#....###########..#
#.............#...#
#.............#...#
#.............#...#
#.............#...#


You could see a two-headed ogre.

Vanquished Creatures
  Psyche (D:8)
  Prince Ribbit (D:8)
  A spriggan (D:7)
  A water moccasin (D:7)
  A sky beast (D:5)
  A black bear (D:10)
  2 phantoms
  An ice beast (D:8)
  2 orc warriors (D:9)
  2 ogres
  4 centaurs
  5 scorpions
  A wyvern skeleton (D:7)
  10 killer bees (D:9)
  3 wights
  An electric eel (D:8)
  3 howler monkeys
  2 crimson imps
  A jelly (D:8)
  2 bullfrog skeletons
  5 hounds
  4 orc priests
  Crazy Yiuf (D:6)
  9 orc wizards
  Terence (D:3)
  3 iguanas
  2 worker ants
  2 hound skeletons (D:10)
  A worker ant zombie (D:9)
  Robin (D:3)
  A howler monkey skeleton (D:6)
  7 adders
  3 shadow imps (D:7)
  An ooze (D:2)
  4 worms
  3 dart slugs
  3 leopard geckos
  55 orcs
  A ball python (D:2)
  6 bats
  6 giant cockroaches
  13 goblins
  12 hobgoblins
  19 jackals
  4 quokkas
  5 frilled lizards
  A jackal skeleton (D:4)
  12 kobolds
  A quokka skeleton (D:3)
  A quokka zombie (D:5)
  6 rats
238 creatures vanquished.

Vanquished Creatures (collateral kills)
  A water moccasin (D:8)
  2 killer bees (D:9)
  An orc (D:9)
4 creatures vanquished.

Vanquished Creatures (others)
  A fungus (D:10)
1 creature vanquished.

Grand Total: 243 creatures vanquished

Notes
Turn   | Place    | Note
-------+----------+-------------------------------------------
     0 | D:1      | Hugehornet the Deep Elf Wizard began the quest for the Orb.
     0 | D:1      | Reached XP level 1. HP: 10/10 MP: 7/7
   208 | D:1      | Reached XP level 2. HP: 15/15 MP: 3/9
   743 | D:1      | Learned a level 2 spell: Blink
   746 | D:1      | Learned a level 2 spell: Call Imp
   749 | D:1      | Learned a level 2 spell: Slow
  1261 | D:2      | Reached XP level 3. HP: 16/19 MP: 0/10
  1399 | D:2      | Learned a level 3 spell: Mephitic Cloud
  1496 | D:2      | Found a faded altar of an unknown god.
  1819 | D:2      | Reached skill level 1 in Air Magic
  2017 | D:2      | Reached skill level 1 in Poison Magic
  2118 | D:2      | Found a glowing golden altar of the Shining One.
  2397 | D:3      | Noticed Robin
  2403 | D:3      | Killed Robin
  2403 | D:3      | Reached skill level 1 in Hexes
  2403 | D:3      | Reached XP level 4. HP: 24/24 MP: 1/12
  3244 | D:3      | Found a stormy altar of Qazlal.
  3282 | D:3      | Noticed an air elemental
  3283 | D:3      | Noticed a fire elemental
  3283 | D:3      | Noticed an earth elemental
  3283 | D:3      | Noticed a water elemental
  3440 | D:3      | Reached skill level 5 in Spellcasting
  3440 | D:3      | Reached XP level 5. HP: 14/28 MP: 0/14
  3445 | D:3      | Learned a level 3 spell: Conjure Flame
  3831 | D:3      | Reached skill level 1 in Fire Magic
  4505 | D:3      | Noticed Terence
  4537 | D:3      | Killed Terence
  5077 | D:4      | Reached XP level 6. HP: 17/32 MP: 4/15
  6085 | D:4      | Found a snail-covered altar of Cheibriados.
  6337 | D:5      | Entered Level 5 of the Dungeon
  6356 | D:5      | Found Benair's Gadget Emporium.
  6416 | D:5      | Found Numuvyv's Book Emporium.
  6451 | D:5      | Found Pebrim's General Store.
  6451 | D:5      | Noticed a sky beast
  6469 | D:5      | Killed a sky beast
  6469 | D:5      | Reached XP level 7. HP: 22/36 MP: 0/16
  6673 | D:5      | Bought a potion of curing for 42 gold pieces
  6673 | D:5      | Bought a scroll of identify for 28 gold pieces
  7496 | D:5      | Found Xiacim's Antique Weapon Emporium.
  7572 | D:5      | Found Xaereupn's Antique Armour Shoppe.
  8188 | D:6      | Found a sparkling altar of Nemelex Xobeh.
  8189 | D:6      | Found an opulent altar of Gozag.
  8197 | D:6      | Got a transparent ring mail
  8208 | D:6      | Identified the cursed +1 ring mail "Caamoes" {rPois Str+3
                  | Dex+2} (You found it on level 6 of the Dungeon)
  8226 | D:6      | Became a worshipper of Gozag Ym Sagoz the Greedy
  8542 | D:6      | Found a shimmering blue altar of Sif Muna.
  9537 | D:6      | Found a hide-covered altar of Uskayaw.
  9629 | D:6      | Found a runed translucent door.
  9630 | D:6      | Noticed Crazy Yiuf
  9736 | D:6      | Reached XP level 8. HP: 37/41 MP: 2/19
  9998 | D:6      | Learned a level 1 spell: Apportation
  9999 | D:6      | Identified Sif Muna's Incunabulum of Transmigration
 10102 | D:6      | Killed Crazy Yiuf
 10582 | D:7      | Found a staircase to the Ecumenical Temple.
 10591 | D:7      | Reached skill level 1 in Staves
 10600 | D:6      | Reached skill level 2 in Staves
 10806 | D:7      | Reached skill level 3 in Staves
 11053 | D:7      | Reached skill level 4 in Staves
 11289 | D:7      | Found a glowing silver altar of Zin.
 11648 | D:7      | Reached skill level 5 in Staves
 12315 | D:8      | Reached skill level 6 in Staves
 12495 | D:8      | Found an iron altar of Okawaru.
 12597 | D:8      | Noticed Psyche
 12650 | D:8      | Noticed Prince Ribbit
 12662 | D:8      | Killed Prince Ribbit
 12662 | D:8      | Reached XP level 9. HP: 45/45 MP: 1/20
 12861 | D:8      | Killed Psyche
 12861 | D:8      | Reached skill level 7 in Staves
 13272 | D:8      | Reached skill level 8 in Staves
 14869 | D:9      | Found a burning altar of Makhleb.
 15169 | D:9      | Reached skill level 9 in Staves
 15929 | D:8      | Bought 3 scrolls of identify for 96 gold pieces
 15929 | D:8      | Bought a potion of heal wounds for 80 gold pieces
 15959 | D:9      | Reached skill level 10 in Staves
 16739 | D:9      | Found a hazy altar of Hepliaklqana.
 16740 | D:9      | Found a shimmering altar of Xom.
 16741 | D:9      | Noticed a spectral ugly thing
 16773 | D:9      | Reached XP level 10. HP: 35/50 MP: 10/21
 17160 | D:9      | Found a staircase to the Orcish Mines.
 17646 | D:10     | Entered Level 10 of the Dungeon
 17689 | D:10     | Learned a level 3 spell: Gell's Gravitas
 17693 | D:10     | Learned a level 3 spell: Confuse
 17722 | D:10     | Noticed a two-headed ogre
 17732 | D:10     | Slain by a two-headed ogre

Levels and vault maps discovered:
D:1:      minmay_arrival_hallway, layout_basic
D:2:      layout_basic, nicolae_overflow_hidden_temple,
          chequers_ecumenical_altar_grove
D:3:      minmay_recursive_quarters, layout_loops_ring,
          nicolae_qazlal_style_of_elements, uniq_terence, uniq_robin
D:4:      layout_cave_pools, cheibriados_altar_1, first_ration
D:5:      layout_loops_cross, serial_shops,
          nicolae_shop_temple_entry_statues_fountains, kennysheep_mini_moat,
          nicolae_shop_crystal, nicolae_shop_crystal, nicolae_shop_stone
D:6:      layout_basic, grunt_temple_overflow_opulence, old_standard_altar,
          led_sif_book, uniq_crazy_yiuf_cottage
D:7:      corexii_shack_village, layout_gridville, overflow_temple_1_default,
          minmay_temple_entry_arrows, columned_hall_lemuel, the_bakery
D:8:      layout_loops_cross, minivault_4, minmay_strange_pillars,
          kennysheep_okawaru_gauntlet, uniq_prince_ribbit1, uniq_psyche
D:9:      layout_rooms, makhleb_heckhound_becter,
          regret_index_temple_of_mockery, hiddenorc1_lemuel
D:10:     layout_grid_maze, due_lair_maze_entry_diamond

Skill      XL: |  1  2  3  4  5  6  7  8  9 |
---------------+----------------------------+-----
Conjurations   | 2 3 4 |  4.1
Translocations | 2 |  2.0
Air Magic      | 1 2 3 4 |  4.4
Poison Magic   | 1 2 3 4 |  4.0
Hexes          | 1 2 |  2.7
Spellcasting   | 5 6 |  6.4
Fire Magic     | 2 3 |  3.6
Summonings     | 2 3 |  3.1
Staves         | 6 10 | 10.8
Dodging        | |  2.4
Stealth        | |  2.4

Action                   |  1- 3 |  4- 6 |  7- 9 | 10-12 || total
-------------------------+-------+-------+-------+-------++-------
Melee: Unarmed           |     4 |    15 |       |       ||    19
       Short sword       |       |     9 |       |       ||     9
       Staff             |       |       |    48 |       ||    48
       Dagger            |       |       |     1 |       ||     1
       Quarterstaff      |       |       |    96 |    22 ||   118
 Cast: Magic Dart        |   113 |   242 |   393 |    38 ||   786
       Slow              |       |     1 |     5 |       ||     6
       Conjure Flame     |       |     3 |    46 |     7 ||    56
       Mephitic Cloud    |       |     8 |    47 |     4 ||    59
       Call Imp          |       |       |    22 |     1 ||    23
       Blink             |       |       |     3 |       ||     3
       Apportation       |       |       |     3 |       ||     3
Invok: Call Merchant     |       |       |     1 |       ||     1
  Use: Scroll            |     1 |     1 |    11 |       ||    13
       Potion            |       |     1 |     6 |       ||     7
 Stab: Confused          |       |     1 |     7 |     2 ||    10
       Distracted        |       |       |     1 |       ||     1
       Paralysed         |       |       |       |     1 ||     1
       Sleeping          |       |       |       |     1 ||     1
  Eat: Chunk             |     3 |    13 |     3 |       ||    19
       Ration            |       |       |     9 |     1 ||    10
Armor: Robe              |     2 |    34 |    90 |     6 ||   132
       Skin              |       |       |    14 |       ||    14
Dodge: Dodged            |     6 |    74 |   237 |    14 ||   331
Block: Other             |       |       |     2 |     3 ||     5
